%YAML 1.1
%TAG !u! tag:unity3d.com,2011:
--- !u!1 &3504180530670173411
GameObject:
  m_ObjectHideFlags: 0
  m_CorrespondingSourceObject: {fileID: 0}
  m_PrefabInstance: {fileID: 0}
  m_PrefabAsset: {fileID: 0}
  serializedVersion: 6
  m_Component:
  - component: {fileID: 1064608927601476756}
  m_Layer: 0
  m_Name: GameObject
  m_TagString: Untagged
  m_Icon: {fileID: 0}
  m_NavMeshLayer: 0
  m_StaticEditorFlags: 0
  m_IsActive: 1
--- !u!4 &1064608927601476756
Transform:
  m_ObjectHideFlags: 0
  m_CorrespondingSourceObject: {fileID: 0}
  m_PrefabInstance: {fileID: 0}
  m_PrefabAsset: {fileID: 0}
  m_GameObject: {fileID: 3504180530670173411}
  m_LocalRotation: {x: -0, y: -0, z: -0, w: 1}
  m_LocalPosition: {x: 0, y: 0, z: 0}
  m_LocalScale: {x: 1, y: 1, z: 1}
  m_Children:
  - {fileID: 670689156621829294}
  m_Father: {fileID: 5622840958007115847}
  m_RootOrder: 0
  m_LocalEulerAnglesHint: {x: 0, y: 0, z: 0}
--- !u!1 &5942598262371782285
GameObject:
  m_ObjectHideFlags: 0
  m_CorrespondingSourceObject: {fileID: 0}
  m_PrefabInstance: {fileID: 0}
  m_PrefabAsset: {fileID: 0}
  serializedVersion: 6
  m_Component:
  - component: {fileID: 5622840958007115847}
  m_Layer: 0
  m_Name: First_class_business
  m_TagString: Untagged
  m_Icon: {fileID: 0}
  m_NavMeshLayer: 0
  m_StaticEditorFlags: 0
  m_IsActive: 1
--- !u!4 &5622840958007115847
Transform:
  m_ObjectHideFlags: 0
  m_CorrespondingSourceObject: {fileID: 0}
  m_PrefabInstance: {fileID: 0}
  m_PrefabAsset: {fileID: 0}
  m_GameObject: {fileID: 5942598262371782285}
  m_LocalRotation: {x: 0, y: 0, z: 0, w: 1}
  m_LocalPosition: {x: 0, y: 0, z: 0}
  m_LocalScale: {x: 1, y: 1, z: 1}
  m_Children:
  - {fileID: 1064608927601476756}
  - {fileID: 400560948105414477}
  - {fileID: 4335809890063701217}
  m_Father: {fileID: 0}
  m_RootOrder: 0
  m_LocalEulerAnglesHint: {x: 0, y: 0, z: 0}
--- !u!1001 &670689156621429522
PrefabInstance:
  m_ObjectHideFlags: 0
  serializedVersion: 2
  m_Modification:
    m_TransformParent: {fileID: 1064608927601476756}
    m_Modifications:
    - target: {fileID: 133058, guid: 56b9902e5664f5a4582ce09c426e7650, type: 3}
      propertyPath: m_Name
      value: Building_Skyscraper_A
      objectReference: {fileID: 0}
    - target: {fileID: 454588, guid: 56b9902e5664f5a4582ce09c426e7650, type: 3}
      propertyPath: m_LocalPosition.x
      value: 0.004
      objectReference: {fileID: 0}
    - target: {fileID: 454588, guid: 56b9902e5664f5a4582ce09c426e7650, type: 3}
      propertyPath: m_LocalPosition.y
      value: 0
      objectReference: {fileID: 0}
    - target: {fileID: 454588, guid: 56b9902e5664f5a4582ce09c426e7650, type: 3}
      propertyPath: m_LocalPosition.z
      value: -0.001
      objectReference: {fileID: 0}
    - target: {fileID: 454588, guid: 56b9902e5664f5a4582ce09c426e7650, type: 3}
      propertyPath: m_LocalRotation.x
      value: -0
      objectReference: {fileID: 0}
    - target: {fileID: 454588, guid: 56b9902e5664f5a4582ce09c426e7650, type: 3}
      propertyPath: m_LocalRotation.y
      value: -0
      objectReference: {fileID: 0}
    - target: {fileID: 454588, guid: 56b9902e5664f5a4582ce09c426e7650, type: 3}
      propertyPath: m_LocalRotation.z
      value: -0
      objectReference: {fileID: 0}
    - target: {fileID: 454588, guid: 56b9902e5664f5a4582ce09c426e7650, type: 3}
      propertyPath: m_LocalRotation.w
      value: 1
      objectReference: {fileID: 0}
    - target: {fileID: 454588, guid: 56b9902e5664f5a4582ce09c426e7650, type: 3}
      propertyPath: m_RootOrder
      value: 0
      objectReference: {fileID: 0}
    - target: {fileID: 454588, guid: 56b9902e5664f5a4582ce09c426e7650, type: 3}
      propertyPath: m_LocalEulerAnglesHint.x
      value: 0
      objectReference: {fileID: 0}
    - target: {fileID: 454588, guid: 56b9902e5664f5a4582ce09c426e7650, type: 3}
      propertyPath: m_LocalEulerAnglesHint.y
      value: 0
      objectReference: {fileID: 0}
    - target: {fileID: 454588, guid: 56b9902e5664f5a4582ce09c426e7650, type: 3}
      propertyPath: m_LocalEulerAnglesHint.z
      value: 0
      objectReference: {fileID: 0}
    - target: {fileID: 454588, guid: 56b9902e5664f5a4582ce09c426e7650, type: 3}
      propertyPath: m_LocalScale.x
      value: 0.037870526
      objectReference: {fileID: 0}
    - target: {fileID: 454588, guid: 56b9902e5664f5a4582ce09c426e7650, type: 3}
      propertyPath: m_LocalScale.y
      value: 0.02575
      objectReference: {fileID: 0}
    - target: {fileID: 454588, guid: 56b9902e5664f5a4582ce09c426e7650, type: 3}
      propertyPath: m_LocalScale.z
      value: 0.0494194
      objectReference: {fileID: 0}
    m_RemovedComponents: []
  m_SourcePrefab: {fileID: 100100000, guid: 56b9902e5664f5a4582ce09c426e7650, type: 3}
--- !u!4 &670689156621829294 stripped
Transform:
  m_CorrespondingSourceObject: {fileID: 454588, guid: 56b9902e5664f5a4582ce09c426e7650,
    type: 3}
  m_PrefabInstance: {fileID: 670689156621429522}
  m_PrefabAsset: {fileID: 0}
--- !u!1001 &4339880439139959613
PrefabInstance:
  m_ObjectHideFlags: 0
  serializedVersion: 2
  m_Modification:
    m_TransformParent: {fileID: 5622840958007115847}
    m_Modifications:
    - target: {fileID: 1202372533661696, guid: 3a701a42b5a78aa40921471d412c6920, type: 3}
      propertyPath: m_Name
      value: ARCell
      objectReference: {fileID: 0}
    - target: {fileID: 1202372533661696, guid: 3a701a42b5a78aa40921471d412c6920, type: 3}
      propertyPath: m_IsActive
      value: 0
      objectReference: {fileID: 0}
    - target: {fileID: 4994374539007964, guid: 3a701a42b5a78aa40921471d412c6920, type: 3}
      propertyPath: m_LocalPosition.x
      value: 0
      objectReference: {fileID: 0}
    - target: {fileID: 4994374539007964, guid: 3a701a42b5a78aa40921471d412c6920, type: 3}
      propertyPath: m_LocalPosition.y
      value: 0
      objectReference: {fileID: 0}
    - target: {fileID: 4994374539007964, guid: 3a701a42b5a78aa40921471d412c6920, type: 3}
      propertyPath: m_LocalPosition.z
      value: 0
      objectReference: {fileID: 0}
    - target: {fileID: 4994374539007964, guid: 3a701a42b5a78aa40921471d412c6920, type: 3}
      propertyPath: m_LocalRotation.x
      value: -0
      objectReference: {fileID: 0}
    - target: {fileID: 4994374539007964, guid: 3a701a42b5a78aa40921471d412c6920, type: 3}
      propertyPath: m_LocalRotation.y
      value: -0
      objectReference: {fileID: 0}
    - target: {fileID: 4994374539007964, guid: 3a701a42b5a78aa40921471d412c6920, type: 3}
      propertyPath: m_LocalRotation.z
      value: -0
      objectReference: {fileID: 0}
    - target: {fileID: 4994374539007964, guid: 3a701a42b5a78aa40921471d412c6920, type: 3}
      propertyPath: m_LocalRotation.w
      value: 1
      objectReference: {fileID: 0}
    - target: {fileID: 4994374539007964, guid: 3a701a42b5a78aa40921471d412c6920, type: 3}
      propertyPath: m_RootOrder
      value: 2
      objectReference: {fileID: 0}
    - target: {fileID: 4994374539007964, guid: 3a701a42b5a78aa40921471d412c6920, type: 3}
      propertyPath: m_LocalEulerAnglesHint.x
      value: 0
      objectReference: {fileID: 0}
    - target: {fileID: 4994374539007964, guid: 3a701a42b5a78aa40921471d412c6920, type: 3}
      propertyPath: m_LocalEulerAnglesHint.y
      value: 0
      objectReference: {fileID: 0}
    - target: {fileID: 4994374539007964, guid: 3a701a42b5a78aa40921471d412c6920, type: 3}
      propertyPath: m_LocalEulerAnglesHint.z
      value: 0
      objectReference: {fileID: 0}
    m_RemovedComponents: []
  m_SourcePrefab: {fileID: 100100000, guid: 3a701a42b5a78aa40921471d412c6920, type: 3}
--- !u!4 &4335809890063701217 stripped
Transform:
  m_CorrespondingSourceObject: {fileID: 4994374539007964, guid: 3a701a42b5a78aa40921471d412c6920,
    type: 3}
  m_PrefabInstance: {fileID: 4339880439139959613}
  m_PrefabAsset: {fileID: 0}
--- !u!1001 &6209451851309541373
PrefabInstance:
  m_ObjectHideFlags: 0
  serializedVersion: 2
  m_Modification:
    m_TransformParent: {fileID: 5622840958007115847}
    m_Modifications:
    - target: {fileID: 6026787720372845712, guid: 7cdfa191446aa6f47b4db87170ef2df5,
        type: 3}
      propertyPath: m_Name
      value: WhiteSmoke Variant
      objectReference: {fileID: 0}
    - target: {fileID: 6026787720373067952, guid: 7cdfa191446aa6f47b4db87170ef2df5,
        type: 3}
      propertyPath: m_LocalPosition.x
      value: 0.3753
      objectReference: {fileID: 0}
    - target: {fileID: 6026787720373067952, guid: 7cdfa191446aa6f47b4db87170ef2df5,
        type: 3}
      propertyPath: m_LocalPosition.y
      value: 2.777
      objectReference: {fileID: 0}
    - target: {fileID: 6026787720373067952, guid: 7cdfa191446aa6f47b4db87170ef2df5,
        type: 3}
      propertyPath: m_LocalPosition.z
      value: -0.121
      objectReference: {fileID: 0}
    - target: {fileID: 6026787720373067952, guid: 7cdfa191446aa6f47b4db87170ef2df5,
        type: 3}
      propertyPath: m_LocalRotation.x
      value: -0.7071068
      objectReference: {fileID: 0}
    - target: {fileID: 6026787720373067952, guid: 7cdfa191446aa6f47b4db87170ef2df5,
        type: 3}
      propertyPath: m_LocalRotation.y
      value: -0
      objectReference: {fileID: 0}
    - target: {fileID: 6026787720373067952, guid: 7cdfa191446aa6f47b4db87170ef2df5,
        type: 3}
      propertyPath: m_LocalRotation.z
      value: -0
      objectReference: {fileID: 0}
    - target: {fileID: 6026787720373067952, guid: 7cdfa191446aa6f47b4db87170ef2df5,
        type: 3}
      propertyPath: m_LocalRotation.w
      value: 0.7071068
      objectReference: {fileID: 0}
    - target: {fileID: 6026787720373067952, guid: 7cdfa191446aa6f47b4db87170ef2df5,
        type: 3}
      propertyPath: m_RootOrder
      value: 1
      objectReference: {fileID: 0}
    - target: {fileID: 6026787720373067952, guid: 7cdfa191446aa6f47b4db87170ef2df5,
        type: 3}
      propertyPath: m_LocalEulerAnglesHint.x
      value: 0
      objectReference: {fileID: 0}
    - target: {fileID: 6026787720373067952, guid: 7cdfa191446aa6f47b4db87170ef2df5,
        type: 3}
      propertyPath: m_LocalEulerAnglesHint.y
      value: 0
      objectReference: {fileID: 0}
    - target: {fileID: 6026787720373067952, guid: 7cdfa191446aa6f47b4db87170ef2df5,
        type: 3}
      propertyPath: m_LocalEulerAnglesHint.z
      value: 0
      objectReference: {fileID: 0}
    - target: {fileID: 6026787720373067952, guid: 7cdfa191446aa6f47b4db87170ef2df5,
        type: 3}
      propertyPath: m_LocalScale.y
      value: 0.00864168
      objectReference: {fileID: 0}
    - target: {fileID: 6026787720373067952, guid: 7cdfa191446aa6f47b4db87170ef2df5,
        type: 3}
      propertyPath: m_LocalScale.z
      value: 0.00864168
      objectReference: {fileID: 0}
    - target: {fileID: 6026787720373067952, guid: 7cdfa191446aa6f47b4db87170ef2df5,
        type: 3}
      propertyPath: m_LocalScale.x
      value: 0.00864168
      objectReference: {fileID: 0}
    - target: {fileID: 6026787720358913520, guid: 7cdfa191446aa6f47b4db87170ef2df5,
        type: 3}
      propertyPath: prewarm
      value: 1
      objectReference: {fileID: 0}
    m_RemovedComponents: []
  m_SourcePrefab: {fileID: 100100000, guid: 7cdfa191446aa6f47b4db87170ef2df5, type: 3}
--- !u!4 &400560948105414477 stripped
Transform:
  m_CorrespondingSourceObject: {fileID: 6026787720373067952, guid: 7cdfa191446aa6f47b4db87170ef2df5,
    type: 3}
  m_PrefabInstance: {fileID: 6209451851309541373}
  m_PrefabAsset: {fileID: 0}
